 Dungeon Crawl Stone Soup version 0.21.1-1-g345015f (webtiles) character file.

9 shakethe the Skirmisher (level 2, 0/19 HPs)
             Began as a Gargoyle Fighter on Feb 20, 2018.
             Slain by a jackal (2 damage)
             ... on level 1 of the Dungeon.
             The game lasted 00:00:34 (269 turns).

shakethe the Skirmisher (Gargoyle Fighter)           Turns: 269, Time: 00:00:35

Health: 0/19       AC:  9    Str: 19    XL:     2   Next: 16%
Magic:  2/2        EV:  7    Int:  8    God:
Gold:   11         SH:  9    Dex:  9    Spells: 1/1 levels left

rFire    . . .     SeeInvis .   a - +0 flail
rCold    . . .     Gourm    .   c - +0 shield
rNeg     + . .     Faith    .   b - +0 scale mail
rPois    ∞         Spirit   .   (no helmet)
rElec    +         Reflect  .   (no cloak)
rCorr    .         Harm     .   (no gloves)
MR       .....                  (no boots)
Stlth    ..........             (no amulet)
HPRegen  0.06/turn              (no ring)
MPRegen  0.08/turn              (no ring)

@: no status effects
A: negative energy resistance 1, electricity resistance, unbreathing,
petrification resistance, rot immunity, AC +2
a: no special abilities


You were on level 1 of the Dungeon.
You were not hungry.

You visited 1 branch of the dungeon, and saw 1 of its levels.

You collected 11 gold pieces.

Inventory:

Hand Weapons
 a - a +0 flail (weapon)
Armour
 b - a +0 scale mail (worn)
 c - a +0 shield (worn)
Potions
 d - a potion of might
 e - a potion of resistance {unknown}
Comestibles
 f - a ration
 g - a chunk of flesh {@w0@w0}


   Skills:
 + Level 3.5 Fighting
 + Level 2.2 Maces & Flails
 + Level 3.5 Armour
 - Level 3.2 Shields


You had one spell level left.
You didn't know any spells.

Dungeon Overview and Level Annotations

Branches:
Dungeon (1/15)

Altars:


Innate Abilities, Weirdness & Mutations

You are resistant to torment.
Your stone body is resilient. (AC +2)
You are immune to poison.
You resist negative energy. (rN+)
You are resistant to electric shocks. (rElec)
You can survive without breathing.
You are immune to petrification.
You are immune to rotting.


Message History

You have reached level 2!
The jackal bites you but does no damage. x3
You block the jackal's attack.
The jackal bites you but does no damage.
The jackal bites you.
MP restored: 2
Things that are here:
a club; a goblin corpse You closely miss the jackal.
You block the jackal's attack. The jackal closely misses you.
The jackal bites you but does no damage.
You hit the jackal. You block the jackal's attack.
The jackal barely misses you.
You closely miss the jackal. The jackal bites you.
You take 1 damage, and have 6/19 hp.
You hit the jackal. You block the jackal's attack.
The jackal completely misses you.
The jackal bites you but does no damage.
The jackal barely misses you. x2; The jackal bites you.
* * * LOW HITPOINT WARNING * * *
You take 2 damage, and have 4/19 hp.
You closely miss the jackal.
The jackal bites you but does no damage.
The jackal closely misses you.
The jackal bites you but does no damage.
The jackal barely misses you.
The jackal bites you but does no damage.
The jackal closely misses you.
You miss the jackal.
The jackal bites you but does no damage. x3
You block the jackal's attack.
The jackal bites you but does no damage.
You block the jackal's attack.
Your scale mail prevents you from hitting the jackal.
The jackal bites you.
* * * LOW HITPOINT WARNING * * *
You block the jackal's attack.
The jackal bites you but does no damage.
You block the jackal's attack.
The jackal bites you but does no damage. x2
You take 1 damage, and have 3/19 hp.
You closely miss the jackal.
The jackal bites you but does no damage.
The jackal closely misses you. You block the jackal's attack.
The jackal closely misses you. You block the jackal's attack.
The jackal bites you but does no damage.
You hit the jackal. The jackal completely misses you.
You block the jackal's attack. The jackal barely misses you.
You block the jackal's attack.
The jackal bites you but does no damage. x2
You hit the jackal but do no damage. The jackal barely misses you.
You block the jackal's attack. The jackal barely misses you.
The jackal misses you. The jackal barely misses you.
The jackal completely misses you.
You barely miss the jackal.
The jackal bites you but does no damage.
You block the jackal's attack. The jackal barely misses you.
You block the jackal's attack. The jackal bites you.
* * * LOW HITPOINT WARNING * * *
The jackal closely misses you.
You take 1 damage, and have 3/19 hp.
Your shield prevents you from hitting the jackal.
The jackal bites you but does no damage. x3
You block the jackal's attack. x2
You hit the jackal.
You kill the jackal!
The jackal bites you but does no damage. x3
The jackal completely misses you. You block the jackal's attack.
You block the jackal's attack.
You miss the jackal. You block the jackal's attack. x2
You miss the jackal.
The jackal bites you but does no damage.
You thump the jackal!
You kill the jackal!
The jackal bites you.
* * * LOW HITPOINT WARNING * * *
The jackal barely misses you. x2
You take 1 damage, and have 2/19 hp.
You barely miss the jackal. You block the jackal's attack.
The jackal bites you but does no damage. x2
You closely miss the jackal.
The jackal bites you but does no damage. x2
You block the jackal's attack. The jackal barely misses you.
You miss the jackal. The jackal completely misses you.
The jackal barely misses you. x3
You hit the jackal but do no damage. You block the jackal's attack. x2
The jackal barely misses you.
You closely miss the jackal. You block the jackal's attack.
The jackal closely misses you. You block the jackal's attack.
The jackal bites you but does no damage.
You closely miss the jackal. You block the jackal's attack.
The jackal bites you but does no damage.
You block the jackal's attack. The jackal bites you.
* * * LOW HITPOINT WARNING * * *
You take 1 damage, and have 2/19 hp.
You hit the jackal. The jackal barely misses you.
The jackal bites you but does no damage. x2
The jackal bites you.
You die...

#.#.# #.#.# #
#.#.##### .#
#.#.#...###.##
#.#..........
#.#......#.#
#....###....
###..###h#.#
#...Kh@# #
#.##)###
#.##.#
#..)........
#.....####..
#.....#
#.....#
#..###. #.. #


You could see 2 jackals and a kobold.

Vanquished Creatures
  2 goblins (D:1)
  2 hobgoblins (D:1)
  2 jackals (D:1)
  A frilled lizard (D:1)
  2 kobolds (D:1)
9 creatures vanquished.

Notes
Turn   | Place    | Note
-------+----------+-------------------------------------------
     0 | D:1      | shakethe the Gargoyle Fighter began the quest for the Orb.
     0 | D:1      | Reached XP level 1. HP: 14/14 MP: 1/1
   242 | D:1      | Reached XP level 2. HP: 8/19 MP: 2/2
   248 | D:1      | HP: 4/19 [jackal (2)]
   255 | D:1      | HP: 3/19 [jackal (1)]
   262 | D:1      | HP: 2/19 [jackal (1)]
   268 | D:1      | HP: 2/19 [jackal (1)]
   269 | D:1      | Slain by a jackal

Action                   || total
-------------------------++-------
Melee: Flail             ||    42
Armor: Scale mail        ||    64
Dodge: Dodged            ||    42
Block: Shield            ||    50

Vault maps used:
D:1:      dpeg_arrival_water_fire, minmay_misc_feat_rows, minivault_24

Table legend:
 A = Turns spent in this place as a percentage of turns spent in the entire game.
 B = Non-inter-level travel turns spent in this place as a percentage of non-inter-level travel turns spent in the entire game.
 C = Inter-level travel turns spent in this place as a percentage of turns spent in this place.
 D = Turns resting spent in this place as a percentage of non-inter-level travel turns spent in this place.
 E = Turns spent auto-exploring this place as a percentage of non-inter-level travel turns spent in this place.
 F = Non-inter-level travel turns spent in this place divided by the number of levels of this place that you've seen.
                   A       B       C       D       E      F
               +-------+-------+-------+-------+-------+----------------------
         Total | 100.0 | 100.0 |   0.0 |   0.0 |  75.1 | 269.0
       Dungeon | 100.0 | 100.0 |   0.0 |   0.0 |  75.1 | 269.0
               +-------+-------+-------+-------+-------+----------------------

Table legend:
 A = Kills in this place as a percentage of kills in entire the game.
 B = Kills by you in this place as a percentage of kills by you in the entire game.
 C = Kills by friends in this place as a percentage of kills by friends in the entire game.
 D = Other kills in this place as a percentage of other kills in the entire game.
 E = Experience gained in this place as a percentage of experience gained in the entire game.
 F = Experience gained in this place divided by the number of levels of this place that you have seen.
                   A       B       C       D       E      F
               +-------+-------+-------+-------+-------+----------------------
         Total | 100.0 | 100.0 |   N/A |   N/A | 100.0 |  14.0
       Dungeon | 100.0 | 100.0 |   N/A |   N/A | 100.0 |  14.0
               +-------+-------+-------+-------+-------+----------------------
